 Dungeon Crawl Stone Soup version 0.27-a0-1147-gb3d8e82157 (webtiles) character file.

Game seed: 9255694270706344508

5740 shoop the Geomancer (level 10, -12/71 HPs)
             Began as a Demigod Earth Elementalist on May 12, 2021.
             Engulfed by a cloud of flame (21 damage)
             ... on level 1 of the Orcish Mines.
             The game lasted 00:44:47 (12396 turns).

shoop the Geomancer (Demigod Earth Elementalist)   Turns: 12396, Time: 00:44:47

Health: -12/71     AC:  4    Str:  7    XL:     10   Next: 25%
Magic:  20/24      EV: 15    Int: 33    God:
Gold:   323        SH:  0    Dex: 26    Spells: 8/22 levels left

rFire    . . .     SeeInvis .   a - +2 war axe "Yvocytz" {elec, rC+ rN++ Str-2 Int+4}
rCold    + . .     Faith    .   (no shield)
rNeg     + + .     Spirit   .   D - +1 robe {Will+}
rPois    .         Reflect  .   (no helmet)
rElec    .         Harm     .   (no cloak)
rCorr    .         Rampage  .   (no gloves)
Will     ++...                  f - +0 pair of boots
Stlth    +++.......             w - amulet of magic regeneration
HPRegen  0.21/turn              o - +6 ring of dexterity
MPRegen  0.44/turn              K - +6 ring of dexterity

@: no status effects
A: high mp 1, forlorn
a: no special abilities


You were on level 1 of the Orcish Mines.
You visited 3 branches of the dungeon, and saw 11 of its levels.

You collected 323 gold pieces.

Inventory:

Hand Weapons
 a - the +2 war axe "Yvocytz" (weapon) {elec, rC+ rN++ Str-2 Int+4}
   (You took it off an orc on level 9 of the Dungeon)

   Occasionally, upon striking a foe, it can discharge electrical energy and
   cause terrible harm.
   It affects your strength (-2).
   It affects your intelligence (+4).
   It protects you from cold.
   It greatly protects you from negative energy.
 b - a +1 trident of venom
 e - a +3 falchion
 u - a +1 dagger of venom
 z - a +4 flail
 B - a +0 lajatang
 I - a +1 great sword of freezing
 N - a +4 long sword of freezing
Missiles
 p - 7 datura-tipped darts
 q - 38 poisoned darts (quivered)
 x - 61 stones
 L - a curare-tipped dart
 O - a throwing net
Armour
 c - a +0 robe
 f - a +0 pair of boots (worn)
 D - a +1 robe of willpower (worn)
Magical Staves
 J - a staff of death
Jewellery
 o - a +6 ring of dexterity (left hand)
 w - an amulet of magic regeneration (around neck)
 E - a ring of wizardry
 K - a +6 ring of dexterity (right hand)
Wands
 y - a wand of flame (51)
 M - a wand of mindburst (15)
Scrolls
 d - 2 scrolls of teleportation
 l - a scroll of blinking {unknown}
 m - a scroll of vulnerability
 n - a scroll of acquirement {unknown}
 r - a scroll of fear {unknown}
 s - a scroll of noise {unknown}
 t - a scroll of fog
 A - 2 scrolls of amnesia {unknown}
 C - a scroll of enchant armour {unknown}
 P - a scroll of magic mapping {unknown}
Potions
 g - 3 potions of flight
 i - a potion of resistance
 j - 2 potions of brilliance
 k - 2 potions of curing
 v - a potion of ambrosia {unknown}
 F - a potion of heal wounds
 G - 3 potions of might {unknown}
 H - a potion of degeneration {unknown}


   Skills:
 - Level 1.0 Fighting
 - Level 1.0 Throwing
 + Level 3.9 Dodging
 - Level 2.0 Stealth
 + Level 6.7 Spellcasting
 - Level 2.0 Translocations
 - Level 3.2 Transmutations
 * Level 11.0 Earth Magic
 + Level 2.9 Evocations


You had 8 spell levels left.
You knew the following spells:

 Your Spells              Type           Power      Damage    Failure   Level
a - Sandblast             Erth           100%       2d20      1%          1
b - Blink                 Tloc           N/A        N/A       2%          2
c - Petrify               Tmut/Erth      55%        N/A       2%          4
d - Lee's Rapid Deconstr  Erth           35%        3d19*     1%          5
p - Passwall              Tmut/Erth      45%        N/A       1%          2

Your spell library contained the following spells:

 Spells                   Type           Power      Damage    Failure   Level
 Stone Arrow              Conj/Erth      94%        3d12      1%          3
 Animate Skeleton         Necr           22%        N/A       4%          1
 Magic Dart               Conj           44%        1d5       4%          1
 Pain                     Necr           44%        1d6       4%          1
 Gell's Gravitas          Tloc           12%        N/A       5%          3
 Call Imp                 Summ           11%        N/A       6%          2
 Slow                     Hex            11%        N/A       6%          2
 Confusing Touch          Hex            11%        N/A       12%         3
 Conjure Flame            Conj/Fire      11%        6-21      12%         3
 Mephitic Cloud           Conj/Pois/Air  11%        N/A       12%         3
 Vampiric Draining        Necr           5%         2d6       12%         3
 Statue Form              Tmut/Erth      36%        N/A       32%         6
 Animate Dead             Necr           5%         N/A       36%         4
 Irradiate                Conj/Tmut      10%        3d17      50%         5
 Yara's Violent Unravell  Hex/Tmut       10%        3d6       50%         5
 Agony                    Necr           11%        N/A       73%         5
 Metabolic Englaciation   Hex/Ice        5%         N/A       73%         5
 Blade Hands              Tmut           16%        N/A       86%         6
 Dragon Form              Tmut           16%        N/A       100%        7


Dungeon Overview and Level Annotations

Branches:
Dungeon (9/15)             Temple (0/1) D:5            Lair (1/6) D:8
    Orc (1/2) D:9

Annotations:
D:3 exclusion: bat, Sigmund
D:5 Dowan


Innate Abilities, Weirdness & Mutations

Your attributes grow dramatically as you level up.
You have an increased reservoir of magic. (+10% MP)
You shall have no god before yourself.


Message History

The puff of flame hits you!
* * * LOW HITPOINT WARNING * * *
The orc warlord is engulfed in blazing flames.
Flame seeps out of the orc warlord.
Casting: Blink (safe; 2% risk of failure)
Confirm with . or Enter, or press ? or * to list all spells.
You blink.
An orc warrior comes into view. It is wielding a +0 mace.
The orc warrior shouts!
A gnoll sergeant comes into view. It is wielding a +0 trident.
You hear a shout!
An ogre comes into view. It is wielding a +0 giant club.
An orc comes into view. It is wielding a +0 club.
Found 38 gold pieces.
Aiming: Mindburst
Press: ? - help, Shift-Dir - straight line, f - orc warlord
Aim: an orc warlord, wielding a +3 long sword of venom and wearing a +0 plate armour (severely wounded, inner flame, chance to affect: 44%)
Okay, then.
Unknown command.
The orc priest no longer looks unusually strong.
The orc warlord roars a battlecry!
The orcs go into a battle-frenzy!
The orc no longer looks unusually strong. x2
The orc wizard gestures at you while chanting.
The puff of flame hits you.
* * * LOW HITPOINT WARNING * * *
Unknown command.
The orc priest casts a cantrip, but nothing happens.
A magic dart appears from out of thin air!
The magic dart hits you!
* * * LOW HITPOINT WARNING * * *
The orc warlord roars a battlecry!
The orcs go into a battle-frenzy!
Unknown command.
Casting: Blink (safe; 2% risk of failure)
Confirm with . or Enter, or press ? or * to list all spells.
You blink.
An orc wizard and an orc sorcerer come into view.
You are engulfed in blazing flames.
You die...

.........###.#.....
#...#o...o#...........
.........#............
##$g......#o.....#.....
#..#$..O...§°°..)......
.........o☼§☼°.))......
......#...°☼☼°§........
#.........°@........#
#.#o#.....°○o<.......
#...o.o.☼......>..
###o..o............
#..§o..oo..........
#...........^.......
##.###.{............ ##
#...............
#................


You could see an orc warlord (inner flame), an orc sorcerer, 2 orc warriors, an
ogre, 2 orc priests, 2 orc wizards and 4 orcs.

Vanquished Creatures
  A two-headed ogre (D:9)
  An orc sorcerer (Orc:1)
  A troll (Orc:1)
  2 water moccasins
  An ice beast (D:6)
  Duvessa (D:5)
  4 orc warriors
  2 sky beasts
  3 ogres
  A necrophage (D:7)
  A phantom (D:4)
  5 centaurs
  A kobold brigand (D:9)
  2 bullfrogs
  A wyvern zombie (D:8)
  A gnoll sergeant (D:4)
  A scorpion (D:6)
  8 killer bees
  18 wights
  2 howler monkeys
  A bullfrog zombie (D:5)
  3 hounds
  14 orc priests
  A bullfrog skeleton (D:7)
  A centaur skeleton (D:7)
  2 gnoll shamans
  2 iguanas
  9 orc wizards
  A killer bee zombie (D:9)
  11 gnolls
  2 adders
  A white imp (D:7)
  An adder skeleton (D:4)
  A dart slug (D:4)
  36 orcs
  5 ball pythons
  10 endoplasms
  3 giant cockroaches
  7 goblins
  5 hobgoblins
  13 jackals
  3 quokkas
  2 bats
  4 frilled lizards
  6 kobolds
  2 rats
203 creatures vanquished.

Notes
Turn   | Place    | Note
-------+----------+-------------------------------------------
     0 | D:1      | shoop the Demigod Earth Elementalist began the quest for
                  | the Orb.
     0 | D:1      | Reached XP level 1. HP: 14/14 MP: 5/5
    11 | D:1      | Noticed an electric eel
   482 | D:1      | Reached skill level 3 in Earth Magic
   593 | D:1      | Reached XP level 2. HP: 19/20 MP: 7/7
   597 | D:1      | Learned a level 2 spell: Blink
  1196 | D:2      | Reached skill level 4 in Earth Magic
  1196 | D:2      | Reached XP level 3. HP: 14/26 MP: 0/8
  1685 | D:3      | Noticed an ogre
  1726 | D:3      | Noticed Sigmund
  1843 | D:3      | Reached skill level 1 in Throwing
  1843 | D:3      | Reached XP level 4. HP: 33/33 MP: 2/9
  2816 | D:4      | Learned a level 2 spell: Passwall
  2847 | D:4      | Reached skill level 1 in Transmutations
  2850 | D:4      | Reached XP level 5. HP: 20/38 MP: 2/10
  3713 | D:3      | Killed an ogre
  3714 | D:3      | Reached skill level 1 in Fighting
  3714 | D:3      | Reached skill level 5 in Earth Magic
  4167 | D:4      | Reached XP level 6. HP: 47/47 MP: 7/12
  4702 | D:5      | Entered Level 5 of the Dungeon
  4709 | D:5      | Learned a level 5 spell: Lee's Rapid Deconstruction
  4758 | D:5      | Found a staircase to the Ecumenical Temple.
  4920 | D:5      | Reached skill level 6 in Earth Magic
  4920 | D:5      | Reached XP level 7. HP: 35/52 MP: 12/14
  5637 | D:5      | Noticed Duvessa
  6145 | D:6      | Reached skill level 7 in Earth Magic
  6877 | D:5      | Noticed Dowan
  6886 | D:5      | Killed Duvessa
  6887 | D:5      | Reached XP level 8. HP: 29/59 MP: 14/17
  7312 | D:7      | Reached skill level 1 in Translocations
  7675 | D:6      | Learned a level 4 spell: Petrify
  7861 | D:7      | Reached skill level 8 in Earth Magic
  9008 | D:7      | Reached skill level 5 in Spellcasting
  9208 | D:8      | Reached skill level 9 in Earth Magic
  9320 | D:8      | Reached XP level 9. HP: 37/64 MP: 20/20
  9795 | D:8      | Found a staircase to the Lair.
 10299 | D:8      | Reached skill level 10 in Earth Magic
 10622 | Lair:1   | Entered Level 1 of the Lair of Beasts
 10630 | Lair:1   | Noticed a rime drake
 11440 | D:9      | Reached skill level 1 in Evocations
 11444 | D:9      | Identified the +2 war axe "Yvocytz" {elec, rC+ rN++ Str-2
                  | Int+4}
 11573 | D:9      | Noticed a two-headed ogre
 11578 | D:9      | Killed a two-headed ogre
 11621 | D:9      | Found a staircase to the Orcish Mines.
 11931 | D:9      | Reached XP level 10. HP: 59/71 MP: 23/23
 12376 | Orc:1    | Entered Level 1 of the Orcish Mines
 12376 | Orc:1    | Noticed an orc warlord
 12376 | Orc:1    | Noticed an orc sorcerer
 12380 | Orc:1    | Killed an orc sorcerer
 12388 | Orc:1    | Reached skill level 11 in Earth Magic
 12396 | Orc:1    | Noticed an orc sorcerer
 12396 | Orc:1    | Engulfed by a cloud of flame

Illustrated notes

Levels and vault maps discovered:
D:1:      arrival_aquarium_a, layout_loops_ring,
          hellmonk_ecumenical_altar_blasted, palyth_stone_intersect
D:2:      layout_rooms
D:3:      layout_basic, nicolae_overflow_hidden_temple, uniq_sigmund
D:4:      layout_rooms, minmay_crossroads
D:5:      layout_basic, vehumet_altar_wand_db, minmay_temple_entry_offerings,
          dk_noncrumbling_4, serial_bayou_ford_a, feat_on_display, uniq_duvessa
D:6:      layout_basic
D:7:      layout_loops_ring, glass_columns_a
D:8:      layout_basic, lair_entry_dummy, skrybe_limestone_x
D:9:      layout_small_grid, david_orc_3, eino_small_chamber_without_monster
Lair:1:   layout_layer_cave
Orc:1:    layout_caves, sword_in_stone

Skill      XL: |  1  2  3  4  5  6  7  8  9 10 |
---------------+-------------------------------+-----
Stealth        | 2 |  2.0
Dodging        | 2 3 |  3.9
Earth Magic    | 3 4 5 6 7 9 10 11 | 11.0
Throwing       | 1 |  1.0
Spellcasting   | 2 3 4 5 6 |  6.7
Transmutations | 1 2 3 |  3.2
Fighting       | 1 |  1.0
Translocations | 2 |  2.0
Evocations     | 2 |  2.9

Action                   |  1- 3 |  4- 6 |  7- 9 | 10-12 || total
-------------------------+-------+-------+-------+-------++-------
Melee: Falchion          |    58 |    51 |       |       ||   109
       Trident           |       |     9 |   160 |       ||   169
       Lajatang          |       |       |     5 |       ||     5
       War axe           |       |       |    20 |     3 ||    23
       Long sword        |       |       |    10 |       ||    10
Throw: Dart              |       |    31 |    63 |     9 ||   103
 Cast: Sandblast         |    19 |    50 |    79 |     3 ||   151
       Lee's Rapid Decon |       |       |     9 |     4 ||    13
       Petrify           |       |       |    18 |     3 ||    21
       Blink             |       |       |     2 |     4 ||     6
       Passwall          |       |       |     1 |       ||     1
Evoke: Wand              |       |       |       |     2 ||     2
  Use: Scroll            |     4 |       |     2 |     1 ||     7
       Potion            |       |     1 |     2 |     1 ||     4
 Stab: Sleeping          |     4 |     1 |     1 |     1 ||     7
       Petrified         |       |       |    56 |       ||    56
       Petrifying        |       |       |     6 |       ||     6
Armor: Robe              |    22 |    15 |    29 |       ||    66
Dodge: Dodged            |    42 |    46 |   105 |     4 ||   197
       Rpst.: Falchion   |    10 |    11 |       |       ||    21
       Long sword        |       |       |     2 |       ||     2

Table legend: (Time is in decaauts)
 A = Elapsed time spent in this place.
 B = Non-inter-level travel time spent in this place.
 C = Inter-level travel time spent in this place.
 D = Time resting spent in this place.
 E = Time spent auto-exploring this place.
 F = Levels seen in this place.
 G = Mean time per level.
                   A        B        C        D        E       F      G
               +--------+--------+--------+--------+--------+-----+--------+
         Total |  12497 |  11832 |    665 |   1703 |   8166 |  11 | 1136.1 |
       Dungeon |  12466 |  11802 |    664 |   1703 |   8159 |   9 | 1385.1 |
          Lair |     10 |     10 |      0 |      0 |      7 |   1 |   10.0 |
  Orcish Mines |     20 |     20 |      0 |      0 |      0 |   1 |   20.0 |
               +--------+--------+--------+--------+--------+-----+--------+

Top non-repeatable levels by time:
     D:7: 1995 daAuts
     D:8: 1823 daAuts
     D:3: 1691 daAuts
     D:5: 1586 daAuts
     D:4: 1311 daAuts
     D:9: 1274 daAuts
     D:1: 1081 daAuts
     D:6: 1053 daAuts
     D:2: 648 daAuts
   Orc:1: 20 daAuts
  Lair:1: 10 daAuts
